 Dungeon Sprint DCSS version 0.30.1-11-g7821555f0a (webtiles) character file.

Game seed: 1487802709845402695

1062 Groucho the Blocker (level 8, -11/70 HPs)
             Began as a Formicid Fighter on Dec 6, 2023.
             Was a Priest of Cheibriados.
             Shot with an arrow by a centaur warrior (17 damage)
             ... in the Dungeon (Sprint IX: "|||||||||||||||||||||||||||||").
             The game lasted 00:05:38 (614 turns).

Groucho the Blocker (Formicid Fighter)               Turns: 614, Time: 00:05:38

Health: -11/70     AC: 15    Str: 32    XL:     8   Next: 52%
Magic:  12/13      EV: 13    Int: 16    God:    Cheibriados [***...]
Gold:   0          SH:  7    Dex: 20    Spells: 7/7 levels left

rFire   . . .        l - +2 morningstar (heavy)
rCold   . . .        c - +0 buckler
rNeg    . . .        n - +1 chain mail
rPois   .            (helmet unavailable)
rElec   .            m - +0 cloak
rCorr   .            (no gloves)
SInv    +            (no boots)
Will    .....        (no amulet) Stlth
                     b - +3 ring of strength
HPRegen 0.31/turn    o - +2 ring of protection
MPRegen 0.13/turn

%: no passive effects
@: mighty, invisible, very slow
A: permanent stasis, dig shafts and tunnels, antennae 3, four strong arms
a: Dig, Renounce Religion, Bend Time, Temporal Distortion


You were in the Dungeon.
You worshipped Cheibriados.
Cheibriados was most pleased with you.
You visited 1 branch

Inventory:

Hand Weapons
 a - a +0 flail
 l - a +2 heavy morningstar (weapon)
Armour
 c - a +0 buckler (worn)
 m - a +0 cloak (worn)
 n - a +1 chain mail (worn)
Jewellery
 b - a +3 ring of strength (left hand)
 o - a +2 ring of protection (right hand)
Wands
 k - a wand of quicksilver (10)
Scrolls
 h - 2 scrolls of blinking
 j - 2 scrolls of amnesia
Potions
 g - 4 potions of magic


   Skills:
 + Level 8.8 Fighting
 + Level 7.6 Maces & Flails
 + Level 8.6 Armour
 + Level 6.6 Dodging
 + Level 10.6 Shields
 + Level 7.8 Invocations


You had 7 spell levels left.
You didn't know any spells.
Your spell library was empty.

Dungeon Overview and Level Annotations

Branches:
Dungeon (1/1)

Altars:
Cheibriados
Dithmenos
Elyvilon
Fedhas
Gozag
Hepliaklqana
Kikubaaqudgha
Makhleb
Nemelex Xobeh
Okawaru
Qazlal
Ru
Sif Muna
Trog
Uskayaw
Vehumet
Wu Jian
Xom
Yredelemnul
Zin
The Shining One
Jiyva
Lugonu


Innate Abilities, Weirdness & Mutations

You cannot be hasted, slowed, berserked, paralysed or teleported.
You can dig through walls and to a lower floor.
You have a pair of large antennae on your head. (SInv)
Your four strong arms can wield two-handed weapons with a shield.


Message History

You feel clever.
Okay, then.
Unknown command.
Unknown command.
Unknown command.
Okay, then.
The centaur warrior shoots an arrow.
The arrow hits you!
* * * LOW HITPOINT WARNING * * *
The centaur warrior shoots an arrow.
The arrow barely misses you.
There is an open door, spattered with blood here.
Items here: ) [[ †.
Unknown command.
You feel better.
The centaur warrior shoots an arrow.
The arrow closely misses you.
The centaur warrior shoots an arrow.
The arrow closely misses you.
You feel better.
The centaur warrior shoots an arrow.
The arrow hits you.
* * * LOW HITPOINT WARNING * * *
Unknown command.
You feel better.
The centaur warrior wields a +0 shortbow.
The centaur warrior shoots an arrow.
The arrow hits the centaur warrior!
The centaur warrior shoots an arrow.
The arrow hits the centaur warrior!!
Unknown command.
You puncture the centaur warrior!
The centaur warrior is severely wounded.
The centaur warrior unwields a +0 longbow.
The centaur warrior barely misses you. x2; The centaur warrior shoots an arrow.
The arrow hits the centaur warrior!!
The centaur warrior dies!
The centaur warrior shoots an arrow.
The arrow hits you!!
* * * LOW HITPOINT WARNING * * *
Unknown command.
You feel better.
The centaur warrior shoots an arrow.
You block the arrow.
Unknown command.
You feel better.
The centaur warrior shoots an arrow.
The arrow misses you.
Unknown command.
The centaur warrior shoots an arrow.
The arrow hits you!!
* * * LOW HITPOINT WARNING * * *
The centaur warrior shoots an arrow.
The arrow hits you!
You die...

▓)▓
▓)▓
▓.▓
▓.▓
▓.▓
▓.▓
▓.▓
▓)▓
▓@▓
▓.▓
▓c▓
▓Q▓
▓.▓
▓.▓
▓+▓


You could see a tengu warrior (unable to see you) and a centaur warrior (unable
to see you).

Vanquished Creatures
  A wyvern (D)
  A vampire mosquito (D)
  An acid dragon (D)
  An orc warrior (D)
  A centaur (D)
  A wight (D)
  An orc wizard (D)
  An adder (D)
  A shadow imp (D)
  A dart slug (D)
  2 orcs (D)
  An endoplasm (D)
  A kobold (D)
  A frilled lizard (D)
  A rat (D)
16 creatures vanquished.

Vanquished Creatures (others)
  A hydra (D)
  A centaur warrior (D)
  A tengu warrior (D)
  A vampire (D)
4 creatures vanquished.

Grand Total: 20 creatures vanquished

Notes
Turn   | Place    | Note
-------+----------+-------------------------------------------
     0 | D        | Groucho the Formicid Fighter began the quest for the Orb.
     0 | D        | Reached XP level 1. HP: 18/18 MP: 1/1
     9 | D        | Reached skill level 1 in Dodging
    11 | D        | Reached XP level 2. HP: 25/25 MP: 2/2
    33 | D        | Reached skill level 5 in Shields
    41 | D        | Reached XP level 3. HP: 24/30 MP: 3/3
    47 | D        | Reached XP level 4. HP: 31/38 MP: 4/4
    58 | D        | Found a snail-covered altar of Cheibriados.
    58 | D        | Found a shadowy altar of Dithmenos.
    58 | D        | Found a white marble altar of Elyvilon.
    58 | D        | Found a blossoming altar of Fedhas.
    58 | D        | Found an opulent altar of Gozag.
    59 | D        | Found a hazy altar of Hepliaklqana.
    60 | D        | Found a viscous altar of Jiyva.
    61 | D        | Found an ancient bone altar of Kikubaaqudgha.
    62 | D        | Found a corrupted altar of Lugonu.
    63 | D        | Found a burning altar of Makhleb.
    64 | D        | Found a sparkling altar of Nemelex Xobeh.
    65 | D        | Found an iron altar of Okawaru.
    66 | D        | Found a stormy altar of Qazlal.
    67 | D        | Found a sacrificial altar of Ru.
    68 | D        | Found a shimmering blue altar of Sif Muna.
    69 | D        | Found a bloodstained altar of Trog.
    70 | D        | Found a hide-covered altar of Uskayaw.
    71 | D        | Found a radiant altar of Vehumet.
    72 | D        | Found an ornate altar of the Wu Jian Council.
    73 | D        | Found a shimmering altar of Xom.
    74 | D        | Found a basalt altar of Yredelemnul.
    75 | D        | Found a glowing silver altar of Zin.
    76 | D        | Found a glowing golden altar of the Shining One.
   130 | D        | Became a worshipper of Cheibriados the Contemplative
   191 | D        | Noticed a wight
   191 | D        | Noticed a centaur
   191 | D        | Noticed a vampire mosquito
   191 | D        | Noticed an orc warrior
   191 | D        | Noticed an acid dragon
   191 | D        | Noticed a wyvern
   192 | D        | Killed a wight
   193 | D        | Reached skill level 5 in Fighting
   193 | D        | Reached skill level 5 in Armour
   193 | D        | Reached skill level 6 in Shields
   193 | D        | Reached XP level 5. HP: 40/44 MP: 4/6
   196 | D        | Killed a centaur
   196 | D        | Reached * piety under Cheibriados
   197 | D        | Reached skill level 5 in Maces & Flails
   197 | D        | Reached skill level 7 in Shields
   199 | D        | Killed a vampire mosquito
   199 | D        | Reached ** piety under Cheibriados
   200 | D        | Reached skill level 8 in Shields
   200 | D        | Reached XP level 6. HP: 21/53 MP: 5/9
   201 | D        | Killed an orc warrior
   202 | D        | Reached skill level 5 in Dodging
   202 | D        | Reached skill level 5 in Invocations
   202 | D        | Reached XP level 7. HP: 33/60 MP: 5/11
   203 | D        | Killed an acid dragon
   204 | D        | Reached skill level 9 in Shields
   211 | D        | Killed a wyvern
   211 | D        | Reached *** piety under Cheibriados
   596 | D        | Noticed a tengu warrior
   596 | D        | Noticed a vampire
   596 | D        | Noticed a four-headed hydra
   596 | D        | Noticed a centaur warrior
   596 | D        | Noticed a centaur warrior
   596 | D        | Noticed a tengu warrior
   603 | D        | Killed a vampire
   604 | D        | Killed a four-headed hydra
   606 | D        | Killed a tengu warrior
   607 | D        | Reached skill level 10 in Shields
   607 | D        | Reached XP level 8. HP: 14/69 MP: 11/13
   607 | D        | HP: 1/69 [centaur warrior/arrow (13)]
   611 | D        | Killed a centaur warrior
   614 | D        | Shot with an arrow by a centaur warrior

Illustrated notes

Levels and vault maps discovered:
D:        linesprint [early_d, line_temple, items_1, d_10, items_2, lair_1,
          lair_end, items_3, orc_1, orc_end, items_4, d_15, swamp_1, shoals_1,
          snake_1, spider_1, d_20, vaults_1, items_5, swamp_end, shoals_end,
          snake_end, spider_end, vaults_end, d_27, items_6, zot_1, zot_end,
          crypt_end, forest_end, elf_end, slime_end, tomb_end, abyss_end,
          pan_hell_end]

Skill      XL: |  1  2  3  4  5  6  7 |
---------------+----------------------+-----
Dodging        | 1 2 3 4 5 6 |  6.6
Fighting       | 4 5 6 7 8 |  8.8
Armour         | 4 5 6 7 8 |  8.6
Shields        | 5 6 8 10 | 10.6
Maces & Flails | 3 4 5 6 7 |  7.6
Invocations    | 2 4 5 7 |  7.8

Action                     |  1- 3 |  4- 6 |  7- 9 || total
---------------------------+-------+-------+-------++-------
  Melee: Flail             |    34 |     6 |       ||    40
         Morningstar       |       |     8 |    17 ||    25
    Use: Potion            |     1 |     1 |     8 ||    10
   Stab: Invisible         |       |       |     1 ||     1
 Armour: Scale mail        |    12 |     1 |       ||    13
         Chain mail        |       |    11 |    21 ||    32
  Dodge: Dodged            |     9 |     9 |    21 ||    39
  Block: Buckler           |    10 |     8 |    12 ||    30
